Map: Beckett Industries LE

Players

MaNa - Winner!

  • Race: Protoss Protoss

Lilbow

  • Race: Protoss Protoss

Event: DreamHack SC2 Masters 2021 Winter

VOD

Have the link to the VOD?

Description

Time

  • Played on: Oct. 10, 2021, 11:10 a.m.
  • Length: 8:05

All games in this series

Show
View Real Time Build Order
Export as new Build Order

MaNa Protoss - Winner!

Build Orders: Phoenix Opening 

Get SALT Encoding   

  12  0:00  Probe  
  13  0:12  Probe  
  14  0:17  Pylon  
  14  0:24  Probe (Chrono Boost)  
  15  0:36  Probe (Chrono Boost)  
  15  0:38  Gateway  
  16  0:45  Probe (Chrono Boost)  
  16  0:47  Assimilator  
  17  0:51  Probe  
  17  0:55  Assimilator  
  18  1:03  Probe (Chrono Boost)  
  19  1:08  Gateway  
  20  1:12  Probe (Chrono Boost)  
  20  1:17  Probe (Chrono Boost)  
  21  1:26  Cybernetics Core  
  21  1:29  Probe  
  22  1:37  Pylon  
  22  1:41  Probe  
  23  1:55  Probe  
  24  2:03  Stalker x2  
  24  2:07  Probe  
  29  2:10  Warp Gate  
  29  2:18  Pylon  
  29  2:30  Pylon  
  29  2:35  Stalker  
  31  2:39  Stalker  
  31  2:43  Probe  
  33  2:55  Probe (Chrono Boost)  
  34  3:05  Sentry  
  37  3:06  Probe (Chrono Boost)  
  37  3:10  Sentry  
  39  3:15  Nexus  
  39  3:21  Pylon  
  39  3:31  Twilight Council  
  39  3:40  Forge  
  39  3:46  Phoenix, Shield Battery  
  39  3:49  Probe (Chrono Boost)  
  40  4:00  Probe (Chrono Boost), Sentry  
  43  4:03  Stalker  
  43  4:06  Blink  
  43  4:08  Probe  
  46  4:13  Phoenix  
  46  4:17  Protoss Ground Weapons Level 1 (Chrono Boost)  
  46  4:23  Probe (Chrono Boost)  
  47  4:27  Probe (Chrono Boost)  
  48  4:35  Probe (Chrono Boost)  
  48  4:37  Probe (Chrono Boost)  
  50  4:40  Probe (Chrono Boost)  
  50  4:42  Stalker, Probe (Chrono Boost)  
  54  4:49  Probe  
  55  4:53  Robotics Facility, Probe  
  55  4:57  Stalker  
  58  5:02  Probe  
  58  5:05  Probe  
  60  5:08  Assimilator  
  60  5:09  Pylon  
  60  5:17  Probe  
  60  5:18  Probe  
  62  5:26  Gateway  
  62  5:28  Gateway  
  62  5:30  Stalker x2  
  68  5:44  Pylon  
  68  5:49  Nexus  
  66  5:54  Adept x2  
  70  6:00  Pylon  
  70  6:02  Probe x2  
  70  6:21  Stalker x3  
  74  6:26  Stalker  
  68  6:45  Stalker x3  
  74  6:48  Observer  
  74  6:51  Photon Cannon  
  75  6:54  Probe x2  
  75  7:04  Probe  
  75  7:06  Probe  
  75  7:11  Stalker x4  
  75  7:12  Probe  
  80  7:16  Probe  
  80  7:18  Probe  
  82  7:24  Probe  
  82  7:28  Probe  
  80  7:30  Probe  
  80  7:35  Stalker x4  
  80  7:36  Probe  
  88  7:40  Gateway, Probe  
  88  7:41  Gateway  
  89  7:45  Observer (Chrono Boost), Gateway x2  
  89  7:49  Probe x2  
Show
View Real Time Build Order
Export as new Build Order

Lilbow Protoss 

Build Orders: Phoenix Opening 

Get SALT Encoding   

  12  0:00  Probe  
  13  0:12  Probe  
  14  0:16  Pylon  
  14  0:24  Probe (Chrono Boost)  
  15  0:36  Probe (Chrono Boost)  
  15  0:37  Gateway  
  16  0:44  Probe (Chrono Boost)  
  16  0:46  Assimilator  
  17  0:51  Probe  
  18  1:03  Probe (Chrono Boost)  
  19  1:04  Assimilator  
  19  1:09  Gateway  
  19  1:13  Probe (Chrono Boost)  
  19  1:18  Probe (Chrono Boost)  
  20  1:24  Cybernetics Core  
  21  1:29  Probe  
  22  1:36  Pylon  
  22  1:41  Probe  
  23  1:54  Probe  
  23  2:00  Stalker  
  23  2:01  Stalker  
  28  2:02  Warp Gate  
  28  2:13  Pylon  
  28  2:31  Pylon  
  28  2:35  Sentry  
  30  2:42  Probe  
  31  2:47  Nexus  
  33  2:51  Sentry  
  33  2:55  Probe  
  34  3:01  Shield Battery  
  34  3:07  Phoenix, Probe, Sentry  
  37  3:14  Pylon  
  38  3:20  Probe  
  38  3:26  Twilight Council  
  38  3:27  Phoenix  
  38  3:32  Probe  
  39  3:38  Forge  
  39  3:44  Probe (Chrono Boost)  
  41  3:56  Probe (Chrono Boost)  
  41  4:01  Blink (Chrono Boost)  
  43  4:02  Probe (Chrono Boost)  
  43  4:04  Probe (Chrono Boost)  
  44  4:10  Probe (Chrono Boost)  
  44  4:12  Probe (Chrono Boost)  
  44  4:15  Probe (Chrono Boost)  
  44  4:17  Photon Cannon  
  46  4:19  Sentry  
  46  4:20  Phoenix  
  46  4:22  Probe  
  49  4:26  Protoss Ground Weapons Level 1  
  49  4:27  Probe  
  50  4:34  Assimilator, Probe  
  51  4:39  Robotics Facility, Probe  
  51  4:41  Phoenix  
  52  4:46  Probe  
  52  4:51  Probe  
  54  4:58  Probe  
  55  5:00  Nexus  
  55  5:04  Probe  
  56  5:08  Stalker  
  56  5:09  Stalker  
  56  5:11  Probe  
  62  5:21  Gateway  
  62  5:23  Probe  
  62  5:24  Gateway, Pylon  
  62  5:25  Phoenix  
  62  5:42  Observer (Chrono Boost), Probe  
  64  5:43  Shield Battery  
  64  5:45  Stalker x2  
  68  5:55  Gateway, Charge  
  68  5:56  Gateway  
  68  5:57  Pylon  
  67  6:13  Stalker x2  
  67  6:18  Stalker  
  67  6:22  Zealot  
  65  6:25  Probe  
  65  6:31  Probe x2  
  61  6:37  Probe  
  54  6:40  Stalker  
  54  6:41  Stalker x2  
  54  6:43  Probe  
  61  6:47  Probe  
  61  6:51  Probe  
  63  6:54  Stalker  
  63  6:55  Probe  
  63  6:56  Stalker  
  65  7:03  Zealot  
  65  7:04  Zealot  
  65  7:07  Stalker  
  61  7:13  Stalker  
  57  7:19  Stalker  
  57  7:20  Stalker  
  51  7:28  Stalker x2  
  49  7:31  Stalker x2  
  49  7:34  Stalker  
  51  7:41  Stalker  
  53  7:49  Stalker  
  55  7:52  Stalker  

Tags
 
Add a new tag
Caveats
  • Supply blocks, unpowered buildings, or Contaminate may cause inaccurate times.
  • Supply counts are checked every 10 seconds.